 Dungeon Crawl Stone Soup version 0.18.1-48-g4cf74bf (webtiles) character file.

4307 Gargoyl the Protected (level 10, -3/76 HPs)
             Began as a Demonspawn Abyssal Knight on Aug 6, 2016.
             Was an Elder of Lugonu.
             Killed by the air
             ... invoked by Gastronok
              (29 damage)
             ... on level 8 of the Dungeon.
             The game lasted 00:17:26 (9670 turns).

Gargoyl the Protected (Demonspawn Abyssal Knight)   Turns: 9670, Time: 00:17:26

Health: -3/76      AC: 21    Str: 15    XL:     10   Next: 11%
Magic:  11/11      EV:  4    Int: 19    God:    Lugonu [****..]
Gold:   343        SH: 13    Dex: 13    Spells: 0 memorised, 9 levels left

rFire  . . .     SeeInvis .     p - +0 war axe
rCold  . . .     Gourm    .     z - +0 plate armour
rNeg   + . .     Faith    .     C - +0 shield
rPois  .         Spirit   .     (no helmet)
rElec  .         Dismiss  .     (no cloak)
rCorr  .         Reflect  .     f - +2 pair of gloves
SustAt .         Harm     .     (no boots)
MR     .....                    q - amulet of rage
Stlth  ..........               s - ring of positive energy
                                e - +5 ring of intelligence

@: very slightly contaminated, invisible, not resistant to hostile enchantments,
extremely unstealthy
A: large bone plates 3, spiny 2
a: Depart the Abyss, Bend Space, Banish, Corrupt, Renounce Religion, Evoke
Berserk Rage


You were on level 8 of the Dungeon.
You worshipped Lugonu.
Lugonu was greatly pleased with you.
You were not hungry.

You visited 1 branch of the dungeon, and saw 8 of its levels.
You visited the Abyss 1 time.

You collected 451 gold pieces.
You spent 108 gold pieces at shops.

Inventory:

Hand Weapons
 p - a +0 war axe (weapon)
Armour
 f - a +2 pair of gloves (worn)
 z - a +0 plate armour (worn)
 C - a +0 shield (worn)
Jewellery
 e - a +5 ring of intelligence (left hand)
 q - an amulet of rage (around neck)
 s - a ring of positive energy (right hand)
 D - a cursed amulet of inaccuracy {unknown}
Wands
 m - a wand of iceblast (6/15)
 v - a wand of iceblast (8/15)
 y - a wand of paralysis (13/24)
 H - a wand of lightning (9/15)
Scrolls
 i - 4 scrolls of remove curse
 j - 4 scrolls of identify
 n - 4 scrolls of teleportation
 x - 2 scrolls of fear
 B - a scroll of blinking
 F - a scroll of enchant armour {unknown}
Potions
 a - a potion of resistance {unknown}
 b - 2 potions of heal wounds {unknown}
 d - a potion of invisibility
 g - 5 potions of curing
 l - a potion of agility {unknown}
 o - a potion of mutation {unknown}
 t - a potion of ambrosia {unknown}
 w - a potion of cure mutation {unknown}
Books
 A - a book of Annihilations

   Spells                             Type                      Level
   a - Poison Arrow                   Conjuration/Poison           6
   b - Chain Lightning                Conjuration/Air              8
   c - Lehudib's Crystal Spear        Conjuration/Earth            8
   d - Glaciate                       Conjuration/Ice              9
   e - Fire Storm                     Conjuration/Fire             9
Comestibles
 c - 8 bread rations
 h - 8 slices of pizza
 k - 8 beef jerkies
 r - a meat ration
 u - 2 fruits
 E - a royal jelly
 G - 2 chunks of flesh


   Skills:
 + Level 6.0 Fighting
 + Level 6.1 Axes
 * Level 9.0 Armour
 + Level 3.9 Dodging
 + Level 1.7 Stealth
 + Level 5.0 Shields
 + Level 2.6 Invocations


You had 9 spell levels left.
You didn't know any spells.

Dungeon Overview and Level Annotations

Branches:
Dungeon (8/15)             Temple (0/1) D:7
   Lair: D:8-11

Altars:
Ashenzari
Fedhas
Gozag
Makhleb
Okawaru
Qazlal
Ru
Sif Muna
Trog
Vehumet
Zin

Shops:
D:7 [

Annotations:
D:8 Gastronok


Innate Abilities, Weirdness & Mutations

You are completely covered in large bone plates (AC +4, SH +4).
You are mostly covered in sharp spines.


Message History

You are very lightly contaminated with residual magic.
You slash Gastronok!
Gastronok is moderately wounded.
You block Gastronok's attack.
You slash Gastronok!
Gastronok is moderately wounded.
You hit Gastronok.
Gastronok is moderately wounded.
Gastronok chants a spell, wobbling all the while.
Gastronok puts on a burst of speed!
You slash Gastronok!
Gastronok is heavily wounded.
Gastronok is struck by your spines. Gastronok bites you!
You hit Gastronok but do no damage.
Gastronok is heavily wounded.
You hit Gastronok.
Gastronok is heavily wounded.
Gastronok waves his eye-stalks in wide circles.
The air twists around and strikes you!
You die...

#.# #.# #.# #.# #.# #.# #.#
#.# #.# #.# #.# #.#
###########.# #.# #.#
#...........# .###### #.#
....#######.# ##......# #.#
#.#.## #.# #w......# #.#
#....## #.# #@# #.# #.....##
#.####.##########.#
.......####.................#
............####.############
.......###### #.# #.....##
#.# .....## #.# ###.## #.#
### #.#


You could see Gastronok.

Vanquished Creatures
  Pikel (D:4)
  The ghost of smzp the Skirmisher, an amateur MiFi of the Shining One (D:3)
  Grinder (D:4)
  A hog (D:7)
  A human (D:7)
  A yak (D:7)
  Eustachio (D:6)
  A hungry ghost (D:6)
  Menkaure (D:5)
  Edmund (D:5)
  Duvessa (D:4)
  A black bear (D:7)
  An ice beast (D:8)
  4 orc warriors
  A slave (D:4)
  2 ogres
  A big kobold (D:7)
  3 giant frogs (D:6)
  Dowan (D:4)
  2 scorpions
  A killer bee (D:8)
  A howler monkey (D:6)
  4 crimson imps
  A jelly (D:7)
  A centaur zombie (D:5)
  A giant frog skeleton (D:5)
  3 orc priests
  A gnoll shaman (D:4)
  5 hounds
  7 orc wizards
  3 iguanas
  3 worker ants
  2 sheep (D:7)
  5 gnolls (D:4)
  10 adders
  A shadow imp (D:5)
  An ooze (D:3)
  An adder skeleton (D:7)
  2 worms
  5 dart slugs
  7 giant geckos
  25 orcs
  3 bats
  8 giant cockroaches
  8 goblins
  7 hobgoblins
  8 jackals
  4 quokkas
  2 ball pythons
  A giant gecko skeleton (D:4)
  4 giant newts
  2 jackal zombies (D:5)
  14 kobolds
  6 rats
184 creatures vanquished.

Notes
Turn   | Place    | Note
--------------------------------------------------------------
     0 | Abyss:1  | Gargoyl the Demonspawn Abyssal Knight began the quest for the Orb.
     0 | Abyss:1  | Reached XP level 1. HP: 18/18 MP: 2/2
   153 | Abyss:2  | Noticed a raiju
   153 | D:1      | Escaped the Abyss
   176 | D:1      | Reached skill level 1 in Dodging
   189 | D:1      | Reached skill level 2 in Armour
   196 | D:1      | Gained mutation: You are partially covered in large bone plates (AC +2, SH +2). [demonic ancestry]
   196 | D:1      | Reached XP level 2. HP: 11/24 MP: 3/3
   389 | D:1      | Reached * piety under Lugonu
  1129 | D:1      | Reached XP level 3. HP: 25/29 MP: 4/4
  2570 | D:2      | Reached XP level 4. HP: 35/35 MP: 5/5
  2701 | D:2      | Reached ** piety under Lugonu
  2853 | D:3      | Found a burning altar of Makhleb.
  2920 | D:3      | Noticed smzp's ghost (amateur MiFi)
  3280 | D:2      | Reached skill level 3 in Armour
  3280 | D:2      | Reached skill level 1 in Shields
  3280 | D:2      | Reached XP level 5. HP: 13/41 MP: 6/6
  3626 | D:3      | HP: 3/61 [smzp's ghost (13)]
  3629 | D:3      | Killed smzp's ghost
  3629 | D:3      | Reached skill level 4 in Armour
  3629 | D:3      | Reached skill level 1 in Stealth
  3629 | D:3      | Gained mutation: You are partially covered in sharp spines. [demonic ancestry]
  3629 | D:3      | Reached XP level 6. HP: 4/48 MP: 7/7
  4003 | D:3      | Found a sacrificial altar of Ru.
  4111 | D:3      | Found a bloodstained altar of Trog.
  4317 | D:3      | Reached XP level 7. HP: 50/53 MP: 8/8
  4546 | D:4      | Reached *** piety under Lugonu
  4737 | D:4      | Found a deep blue altar of Sif Muna.
  4945 | D:4      | HP: 2/81 [ogre/giant club (23)]
  4946 | D:4      | Reached skill level 5 in Armour
  4964 | D:4      | Noticed Pikel
  5307 | D:4      | Noticed Duvessa
  5308 | D:4      | Noticed Dowan
  5313 | D:4      | Killed Duvessa
  5321 | D:4      | Killed Dowan
  5321 | D:4      | Gained mutation: You are mostly covered in large bone plates (AC +3, SH +3). [demonic ancestry]
  5321 | D:4      | Reached XP level 8. HP: 19/60 MP: 9/9
  5577 | D:4      | Found a blossoming altar of Fedhas.
  5578 | D:4      | Noticed Grinder
  5579 | D:4      | Found a stormy altar of Qazlal.
  5596 | D:4      | Found an iron altar of Okawaru.
  5600 | D:4      | Killed Grinder
  5600 | D:4      | Reached skill level 6 in Armour
  5690 | D:4      | Found an opulent altar of Gozag.
  5697 | D:4      | Found a shattered altar of Ashenzari.
  5708 | D:4      | Found a glowing silver altar of Zin.
  5713 | D:4      | Found a radiant altar of Vehumet.
  6134 | D:4      | Killed Pikel
  6134 | D:4      | Reached skill level 5 in Fighting
  6134 | D:4      | Reached skill level 7 in Armour
  6279 | D:5      | Entered Level 5 of the Dungeon
  6463 | D:5      | Noticed Edmund
  6470 | D:5      | Killed Edmund
  6470 | D:5      | Gained mutation: You are mostly covered in sharp spines. [demonic ancestry]
  6470 | D:5      | Reached XP level 9. HP: 68/68 MP: 10/10
  6735 | D:5      | Noticed Menkaure
  6739 | D:5      | Killed Menkaure
  7079 | D:6      | Reached skill level 5 in Axes
  7106 | D:6      | Reached **** piety under Lugonu
  7230 | D:6      | Noticed Eustachio
  7469 | D:6      | Reached skill level 8 in Armour
  7577 | D:6      | Killed Eustachio
  7890 | D:7      | Found Liatut's Armour Shop.
  7894 | D:7      | Bought a +0 pair of gloves for 54 gold pieces
  7894 | D:7      | Bought a +0 shield for 54 gold pieces
  8037 | D:7      | Found a staircase to the Ecumenical Temple.
  9130 | D:8      | Gained mutation: You are completely covered in large bone plates (AC +4, SH +4). [demonic ancestry]
  9130 | D:8      | Reached XP level 10. HP: 76/76 MP: 11/11
  9475 | D:8      | Reached skill level 5 in Shields
  9500 | D:8      | Reached skill level 9 in Armour
  9653 | D:8      | Noticed Gastronok
  9670 | D:8      | Killed from afar by Gastronok

Skill      XL: |  1  2  3  4  5  6  7  8  9 10 |
---------------+-------------------------------+-----
Dodging        | 1 2 3 |  3.9
Armour         | 2 3 4 5 7 8 9 |  9.0
Axes           | 2 3 4 6 |  6.1
Shields        | 1 2 3 4 5 |  5.0
Stealth        | 1 |  1.7
Fighting       | 4 5 6 |  6.0
Invocations    | |  2.6

Action                   |  1- 3 |  4- 6 |  7- 9 | 10-12 || total
-------------------------+-------+-------+-------+-------++-------
Melee: Hand axe          |   144 |   120 |       |       ||   264
       War axe           |       |       |   296 |    60 ||   356
Invok: Depart the Abyss  |     1 |       |       |       ||     1
  Use: Potion            |     1 |     3 |     1 |     2 ||     7
       Scroll            |       |       |    11 |       ||    11
 Stab: Invisible         |       |     1 |       |       ||     1
  Eat: Chunk             |     5 |     7 |    18 |     2 ||    32
Armor: Leather armour    |    26 |       |       |       ||    26
       Chain mail        |    22 |    61 |    80 |       ||   163
       Skin              |       |     5 |       |       ||     5
       Plate armour      |       |       |    90 |    27 ||   117
Dodge: Dodged            |    67 |    30 |    83 |     5 ||   185
Block: Buckler           |    24 |    40 |   113 |       ||   177
       Shield            |       |       |    58 |    46 ||   104
